Map: Catalyst LE

Players

IllIIIllIIIl

  • Race: Terran Terran
  • Spawn Location: 11:00

A.I. 1 (Elite) - Winner!

  • Race: Terran Terran
  • Spawn Location: 5:00

VOD

Have the link to the VOD?

Description

Time

  • Played on: Dec. 30, 2017, 4:33 p.m.
  • Length: 9:12
Show
View Real Time Build Order
Export as new Build Order

IllIIIllIIIl Terran 

Build Orders: 1/1/1, Cyclone Opening, MMM Bio 

Get SALT Encoding   

  12  0:01  SCV  
  13  0:14  SCV  
  14  0:18  Supply Depot  
  14  0:26  SCV  
  15  0:29  Refinery  
  15  0:40  SCV  
  16  0:46  Barracks  
  16  0:52  SCV  
  16  0:56  Refinery  
  17  1:04  SCV  
  18  1:16  SCV  
  19  1:33  Orbital Command  
  19  1:34  Reaper  
  19  1:37  Factory  
  20  1:47  Supply Depot  
  20  1:58  SCV  
  21  2:06  Reaper  
  22  2:11  SCV  
  23  2:23  SCV, Starport  
  23  2:25  Cyclone  
  27  2:35  SCV  
  28  2:45  Barracks Tech Lab, Supply Depot  
  28  2:57  Cyclone  
  31  3:12  Banshee  
  34  3:20  Cloaking Field  
  34  3:27  Command Center  
  34  3:31  SCV  
  35  3:38  Supply Depot  
  35  3:44  Barracks Tech Lab  
  35  3:47  Factory Reactor  
  35  3:48  SCV  
  36  4:00  SCV, Banshee  
  40  4:11  Stimpack  
  40  4:12  SCV  
  41  4:24  SCV  
  42  4:34  Engineering Bay, Barracks  
  42  4:35  Barracks  
  42  4:43  Orbital Command, SCV  
  43  4:55  SCV  
  44  5:05  Marine  
  44  5:06  Siege Tank  
  48  5:07  SCV  
  48  5:08  Medivac  
  48  5:10  SCV  
  48  5:11  Medivac  
  54  5:19  SCV  
  55  5:22  SCV  
  55  5:24  Supply Depot  
  55  5:25  Supply Depot  
  55  5:27  Barracks Reactor  
  56  5:31  SCV  
  56  5:32  Refinery, Barracks Reactor  
  56  5:34  Refinery, SCV  
  58  5:39  Marine  
  59  5:43  SCV  
  59  5:46  SCV  
  61  5:56  SCV  
  62  5:57  Supply Depot, Siege Tank  
  62  5:58  SCV  
  62  6:02  Marine  
  62  6:03  Marine x2  
  69  6:08  SCV  
  69  6:09  Marine x2, Supply Depot  
  72  6:14  Medivac x2  
  72  6:17  SCV  
  77  6:20  Marine, SCV  
  79  6:28  Terran Infantry Weapons Level 1  
  79  6:29  SCV  
  79  6:32  SCV  
  81  6:37  Command Center  
  81  6:41  Siege Tank  
  81  6:43  Marine  
  81  6:44  Marine x2  
  81  6:45  Marine  
  88  6:47  Marine  
  88  6:50  Combat Shields  
  88  6:53  Medivac  
  91  6:54  SCV  
  91  6:56  SCV  
  91  7:00  Supply Depot  
  93  7:01  Marine  
  93  7:03  Supply Depot  
  94  7:09  Engineering Bay  
  94  7:12  Armory  
  94  7:21  SCV x2  
  96  7:29  Barracks  
  96  7:30  Barracks  
  96  7:32  Marine x2  
  96  7:33  Marine x3, Factory  
  101  7:37  Siege Tank  
  101  7:41  Supply Depot  
  104  7:47  Supply Depot  
  104  7:51  Medivac x2  
  108  7:58  Orbital Command  
  108  8:02  Marine x2  
  108  8:03  Marine  
  111  8:15  SCV x2  
  111  8:18  Barracks Reactor x2  
  113  8:21  Factory Tech Lab, Medivac  
  115  8:27  SCV  
  115  8:28  Marine  
  115  8:29  Marine x4  
  115  8:32  Siege Tank  
  124  8:37  Supply Depot, SCV  
  124  8:38  Supply Depot  
  124  8:39  SCV  
  126  8:49  Marine x4  
  126  8:50  Marine  
  136  8:59  Refinery  
  136  9:02  Refinery  
Show
View Real Time Build Order
Export as new Build Order

A.I. 1 (Elite) Terran - Winner!

Build Orders: Command Center First (CC) 

Get SALT Encoding   

  12  0:00  SCV  
  13  0:13  SCV  
  14  0:18  Supply Depot  
  14  0:25  SCV  
  15  0:40  SCV  
  16  0:52  SCV  
  17  1:03  Command Center  
  17  1:04  SCV  
  18  1:17  Barracks  
  18  1:18  SCV  
  19  1:45  Supply Depot  
  19  1:51  Refinery  
  19  1:54  SCV  
  20  2:04  Marine  
  20  2:07  Orbital Command  
  21  2:13  Barracks  
  21  2:15  SCV  
  22  2:22  Marine  
  21  2:27  SCV  
  21  2:28  Refinery  
  23  2:33  SCV  
  23  2:40  Marine  
  24  2:46  Supply Depot, SCV  
  25  2:56  Orbital Command  
  25  2:58  Marine  
  26  2:59  Marine  
  26  3:04  SCV  
  28  3:16  Marine  
  28  3:18  Engineering Bay  
  28  3:19  SCV  
  29  3:27  Factory  
  29  3:46  Missile Turret  
  29  3:56  Missile Turret  
  29  3:58  Marine  
  29  4:01  Marine  
  26  4:14  Starport  
  26  4:15  Marine  
  27  4:19  Marine  
  28  4:26  SCV  
  22  4:33  Marine  
  22  4:37  Marine  
  20  4:39  SCV  
  19  4:51  Marine, Starport Tech Lab  
  19  4:55  Marine  
  18  5:00  SCV  
  16  5:09  Marine  
Tags
 
Add a new tag
Caveats
  • Supply blocks, unpowered buildings, or Contaminate may cause inaccurate times.
  • Supply counts are checked every 10 seconds.